 Dungeon Crawl Stone Soup version bcrawl-1.27.6 (webtiles) character file.

Game seed: 3298662549683303011

289977 Faustar the Archer (level 8, -1/78 HPs)
             Began as a Centaur Hunter on Oct 5, 2020.
             Shot with an arrow by a centaur (7 damage)
             ... on level 6 of the Dungeon.
             The game lasted 00:13:20 (4731 turns).

Faustar the Archer (Centaur Hunter)                 Turns: 4731, Time: 00:13:20

Health: -1/78      AC:  5    Str: 19    XL:     8   Next: 74%
Magic:  8/8        EV:  9    Int: 11    God:
Gold:   245        SH:  0    Dex: 10    Spells: 7/7 levels left

rFire    . . .     SeeInvis +   a - +2 shortbow
rCold    + . .     Gourm    .   (shield currently unavailable)
rNeg     . . .     Faith    .   v - +0 leather armour {rC+}
rPois    .         Spirit   .   r - +0 helmet
rElec    +         Reflect  .   (no cloak)
rCorr    .         Harm     .   (no gloves)
MR       .....                  (no barding)
Stlth    +.........             (no amulet)
HPRegen  0.23/turn              m - ring of insulation
MPRegen  0.11/turn              u - ring of see invisible

@: very quick
A: large, hooves 3, deformed body, herbivore, speed 2, tough skin 3
a: no special abilities


You were on level 6 of the Dungeon.
You were not hungry.

You visited 1 branch of the dungeon, and saw 6 of its levels.

You collected 440 gold pieces.
You spent 195 gold pieces at shops.

Inventory:

Hand Weapons
 a - a +2 shortbow (weapon)
 b - a +0 short sword
Missiles
 d - 307 arrows (quivered)
Armour
 c - a +0 leather armour
 q - a +0 helmet
 r - a +0 helmet (worn)
 s - a +0 pair of gloves
 v - a +0 leather armour of cold resistance (worn)
Jewellery
 m - a ring of insulation (left hand)
 u - a ring of see invisible (right hand)
Wands
 g - a wand of random effects (3)
Scrolls
 f - 5 scrolls of teleportation {unknown}
 h - 9 scrolls of identify
 k - 2 scrolls of amnesia {unknown}
 l - 2 scrolls of fog {unknown}
 x - a scroll of enchant weapon {unknown}
Potions
 i - 4 potions of curing {unknown}
 j - a potion of agility {unknown}
 n - a potion of cancellation {unknown}
 o - 2 potions of heal wounds {unknown}
 p - a potion of brilliance {unknown}
 t - 2 potions of lignification {unknown}
 w - a potion of ambrosia {unknown}
Comestibles
 e - 9 rations {!d}


   Skills:
 + Level 9.0 Fighting
 + Level 11.4 Bows
 - Level 1.3 Dodging
 - Level 0.5 Stealth


You had 7 spell levels left.
You didn't know any spells.
Your spell library contained the following spells:

 Spells                   Type           Power        Failure   Level  Hunger
 Flame Tongue             Conj/Fire      #....        38%         1    None
 Flaming Arrows           Chrm/Fire      #.......     54%         2    ####...
 Conjure Flame            Conj/Fire      #.......     77%         3    #####..
 Inner Flame              Hex/Fire       N/A          77%         3    #####..
 Sticky Flame             Conj/Fire      #.......     99%         4    ######.
 Fireball                 Conj/Fire      #.........   100%        5    #######


Dungeon Overview and Level Annotations

Branches:
Dungeon (6/12)
 Temple: D:4-7

Altars:
Makhleb
Ru

Shops:
D:6 %

Annotations:
D:4 2 runed translucent doors, Freyura's ghost, novice GrFi
D:6 Prince Ribbit


Innate Abilities, Weirdness & Mutations

You have hooves in place of feet.
Armour fits poorly on your strangely shaped body.
You are a herbivore.
You cover ground very quickly.
You have extremely tough skin. (AC +3)


Message History

Prince Ribbit is severely wounded.
Firing (i - inventory)
d - 308 arrows (quivered)
Press: ? - help, Shift-Dir - straight line, f/p - Prince Ribbit
Aim: Prince Ribbit (severely wounded)
You shoot an arrow. The arrow closely misses Prince Ribbit.
The centaur wields a +0 shortbow.
The centaur shoots an arrow.
The arrow hits you.
* * * LOW HITPOINT WARNING * * *
Prince Ribbit blinks!
The centaur shoots an arrow.
The arrow hits you but does no damage.
The centaur shoots an arrow.
The arrow hits you!
* * * LOW HITPOINT WARNING * * *
Evoke which item? (* to show all) (? for menu, Esc to quit)
Aiming: Random Effects
Press: ? - help, Shift-Dir - straight line, f - centaur
Aim: a centaur, wielding a +0 shortbow and quivering 94 arrows (lightly wounded)
The fireball explodes!
The fireball engulfs the centaur!
The centaur is heavily wounded.
The centaur shoots an arrow.
The arrow hits you!
You die...

#.### #.#.....##.# ##### #.#
#.###.##.c.# #.... #.#
##.###.##.### #.### #.#
#.........# #.# #.#
######......c..#########.### #.#
#........##.##..............
##.###.####.#.##.##.#######.#####
..#....# ##.#.##.##.# #.#
##.#######....##@##.#### #.#
#.#...........##.##.##.## #)#
##.#######...###.##.#.#.###.# ###
##.## #.##).###.##.# #.####.##.##
##.#.##### #......†.## ##.......
######.##.## ##.#.#####
#.....###.##.# ######.#..##..


You could see a centaur.

Vanquished Creatures
  Grinder (D:5)
  Menkaure (D:5)
  Duvessa (D:5)
  An orc warrior (D:6)
  A sky beast (D:5)
  An ice beast (D:4)
  An ogre (D:6)
  A centaur (D:5)
  Dowan (D:5)
  2 scorpions
  A howler monkey (D:4)
  A centaur zombie (D:5)
  A crimson imp (D:3)
  2 hounds
  2 orc priests (D:4)
  A bullfrog zombie (D:5)
  A centaur skeleton (D:3)
  2 orc wizards
  4 iguanas
  3 worker ants
  A hound zombie (D:6)
  4 adders
  2 oozes
  A worm (D:2)
  5 dart slugs
  6 leopard geckos
  23 orcs
  A ball python (D:1)
  5 bats
  3 giant cockroaches
  4 goblins
  6 hobgoblins
  10 jackals
  2 quokkas
  A frilled lizard (D:1)
  5 kobolds
  5 rats
113 creatures vanquished.

Notes
Turn   | Place    | Note
-------+----------+-------------------------------------------
     0 | D:1      | Faustar the Centaur Hunter began the quest for the Orb.
     0 | D:1      | Reached XP level 1. HP: 17/17 MP: 1/1
   162 | D:1      | Reached XP level 2. HP: 13/25 MP: 2/2
   380 | D:1      | Reached skill level 6 in Bows
   397 | D:1      | Reached XP level 3. HP: 31/31 MP: 3/3
  1297 | D:3      | Reached XP level 4. HP: 39/40 MP: 4/4
  1542 | D:3      | Reached skill level 7 in Bows
  1542 | D:3      | Reached XP level 5. HP: 34/47 MP: 5/5
  1770 | D:4      | Reached skill level 5 in Fighting
  1782 | D:4      | Found a runed translucent door.
  1833 | D:4      | Reached XP level 6. HP: 37/56 MP: 6/6
  1873 | D:4      | Noticed Freyura's ghost (novice GrFi)
  2214 | D:4      | Reached skill level 8 in Bows
  2324 | D:4      | Noticed an ice beast
  2347 | D:4      | Killed an ice beast
  2714 | D:4      | Reached XP level 7. HP: 63/63 MP: 7/7
  2921 | D:4      | Found a runed translucent door.
  3011 | D:4      | Found a burning altar of Makhleb.
  3011 | D:4      | Noticed a cacodemon
  3014 | D:4      | Noticed a smoke demon
  3014 | D:4      | Noticed a ynoxinul
  3067 | D:5      | Entered Level 5 of the Dungeon
  3068 | D:5      | Noticed Menkaure
  3079 | D:5      | Killed Menkaure
  3079 | D:5      | Reached skill level 9 in Bows
  3403 | D:5      | Noticed Duvessa
  3403 | D:5      | Noticed Dowan
  3433 | D:5      | Killed Duvessa
  3437 | D:5      | Killed Dowan
  3437 | D:5      | Reached skill level 10 in Bows
  3437 | D:5      | Reached XP level 8. HP: 35/73 MP: 8/8
  3678 | D:5      | Found a sacrificial altar of Ru.
  3688 | D:5      | Noticed Grinder
  3710 | D:5      | Killed Grinder
  4349 | D:6      | Reached skill level 11 in Bows
  4361 | D:6      | Found Xunwud's Food Emporium.
  4366 | D:6      | Bought a ration for 65 gold pieces
  4366 | D:6      | Bought a ration for 65 gold pieces
  4366 | D:6      | Bought a ration for 65 gold pieces
  4676 | D:6      | Noticed Prince Ribbit
  4731 | D:6      | Shot with an arrow by a centaur

Skill      XL: |  1  2  3  4  5  6  7  8 |
---------------+-------------------------+-----
Fighting       | 3 4 5 6 7 9 |  9.0
Bows           | 6 7 8 10 11 | 11.4
Dodging        | |  1.3
Stealth        | |  0.5

Action                   |  1- 3 |  4- 6 |  7- 9 || total
-------------------------+-------+-------+-------++-------
Melee: Short sword       |     6 |    13 |       ||    19
       Kick              |     2 |     1 |       ||     3
 Fire: Shortbow          |    92 |   137 |   209 ||   438
Evoke: Wand              |       |       |     5 ||     5
  Use: Potion            |       |       |     1 ||     1
  Eat: Ration            |     1 |     1 |     3 ||     5
Armor: Leather armour    |    10 |     9 |     9 ||    28
Dodge: Dodged            |     8 |    30 |    14 ||    52
